 Dungeon Crawl Stone Soup version 0.29.1 (webtiles) character file.

Game seed: 14433615885202874093

28 AttackTheMoon the Trooper (level 3, -7/20 HPs)
             Began as a Vine Stalker Fighter on Sept 12, 2022.
             Mangled by a worm (8 damage)
             ... on level 2 of the Dungeon.
             The game lasted 00:02:20 (1625 turns).

AttackTheMoon the Trooper (Vine Stalker Fighter)    Turns: 1625, Time: 00:02:21

Health: -7/20      AC:  0    Str: 18    XL:     3   Next: 12%
Magic:  0/4        EV: 11    Int:  8    God:
Gold:   45         SH:  0    Dex: 15    Spells: 2/2 levels left

rFire   . . .      SeeInvis .   a - +0 dagger
rCold   + . .      Faith    .   (no shield)
rNeg    . . .      Spirit   +   (no body armour)
rPois   .          Reflect  .   (no helmet)
rElec   .          Harm     .   (no cloak)
rCorr   .          Rampage  .   (no gloves)
Will    .....                   (no boots)
Stlth   ++........              (no amulet)
HPRegen 0.06/turn               f - ring of protection from cold
MPRegen 0.09/turn               (no ring)

@: no status effects
A: fangs 2, magic shield, antimagic bite, no potion heal 2
a: no special abilities


You were on level 2 of the Dungeon.
You visited 1 branch of the dungeon, and saw 2 of its levels.

You collected 45 gold pieces.

Inventory:

Hand Weapons
 a - a +0 dagger (weapon)
Armour
 h - an orb of energy
Jewellery
 f - a ring of protection from cold (left hand)
Scrolls
 b - a scroll of fear
Potions
 c - a potion of might
 d - 2 potions of curing {unknown}
 e - a potion of haste {unknown}
 g - 2 potions of heal wounds {unknown}
 j - a potion of attraction {unknown}


   Skills:
 + Level 3.1 Fighting
 + Level 0.7 Short Blades
 - Level 2.5 Armour
 + Level 1.5 Stealth
 - Level 2.7 Shields
 - Level 2.2 Unarmed Combat


You had 2 spell levels left.
You didn't know any spells.
Your spell library contained the following spells:

 Spells                   Type           Power      Damage    Failure   Level
 Ensorcelled Hibernation  Hex/Ice        0%         N/A       54%         2
 Passwall                 Tmut/Erth      0%         N/A       54%         2
 Sublimation of Blood     Necr           0%         N/A       54%         2
 Swiftness                Air            0%         N/A       78%         3
 Petrify                  Tmut/Erth      0%         N/A       99%         4
 Irradiate                Conj/Tmut      0%         3d11      100%        5


Dungeon Overview and Level Annotations

Branches:
Dungeon (2/15)

Altars:


Innate Abilities, Weirdness & Mutations

You have extremely sharp teeth.
When hurt, damage is shared between your health and your magic reserves.
Your bite disrupts and absorbs the magic of your enemies.
Potions cannot restore your health.


Message History

You hit the worm.
The worm is lightly wounded.
You hit the worm. You bite the worm. You drain its power.
You feel invigorated.
The worm is heavily wounded.
The worm bites you!
You are too injured to fight recklessly!
You are too injured to fight recklessly!
You are too injured to fight recklessly!
You are too injured to fight recklessly!
You are too injured to fight recklessly!
You are too injured to fight recklessly!
You are too injured to fight recklessly!
You are too injured to fight recklessly!
You are too injured to fight recklessly!
You are too injured to fight recklessly!
You are too injured to fight recklessly!
You are too injured to fight recklessly!
You are too injured to fight recklessly!
You are too injured to fight recklessly!
You are too injured to fight recklessly!
You are too injured to fight recklessly!
You are too injured to fight recklessly!
You are too injured to fight recklessly!
You barely miss the worm.
The worm is moderately wounded.
You hit the worm but do no damage.
The worm is moderately wounded.
The endoplasm hits you.
* * * LOW HITPOINT WARNING * * *
The worm closely misses you.
You hit the worm. Your bite misses the worm.
The worm is heavily wounded.
The endoplasm freezes you.
You are frozen.
You resist.
You hit the worm but do no damage.
The worm is heavily wounded.
The endoplasm hits you.
* * * LOW HITPOINT WARNING * * *
The worm bites you!
You die...

.. . .#
### #. .#
#.. #_ .
#.#
#.#.#.#
.#.#..#.#
......Jw#
#.###@#
#...).#
#####<#
#.# ###


You could see a worm and an endoplasm.

Vanquished Creatures
  2 dart slugs (D:1)
  2 ball pythons (D:1)
  An endoplasm (D:1)
  A giant cockroach (D:1)
  3 goblins (D:1)
  A hobgoblin (D:1)
  4 quokkas (D:1)
  2 bats (D:1)
  A frilled lizard (D:1)
  2 kobolds (D:1)
  3 rats (D:1)
22 creatures vanquished.

Notes
Turn   | Place    | Note
-------+----------+-------------------------------------------
     0 | D:1      | AttackTheMoon the Vine Stalker Fighter began the quest for
                  | the Orb.
     0 | D:1      | Reached XP level 1. HP: 11/11 MP: 2/2
   187 | D:1      | Reached XP level 2. HP: 16/16 MP: 3/3
   559 | D:1      | Reached skill level 1 in Stealth
   988 | D:1      | Reached skill level 3 in Fighting
  1241 | D:1      | Reached XP level 3. HP: 19/20 MP: 4/4
  1616 | D:2      | Found a faded altar of an unknown god.
  1625 | D:2      | HP: 1/20 [endoplasm (3)]
  1625 | D:2      | Mangled by a worm

Illustrated notes

Levels and vault maps discovered:
D:1:      minmay_arrival_stone_box, layout_basic
D:2:      layout_basic, chequers_ecumenical_altar_simple_redux

Skill      XL: |  1  2 |
---------------+-------+-----
Stealth        | 1 |  1.5
Fighting       | 3 |  3.1
Short Blades   | |  0.7
Armour         | |  2.5
Shields        | |  2.7
Unarmed Combat | |  2.2

Action                   || total
-------------------------++-------
Melee: Unarmed           ||    15
       Bite              ||    17
       Dagger            ||    52
  Use: Scroll            ||     4
 Stab: Sleeping          ||     3
Armor: Scale mail        ||     4
Dodge: Dodged            ||    28
Block: Buckler           ||     1
